 Dungeon Crawl Stone Soup version 0.30-a0-802-gb92711bcdf (webtiles) character file.

Game seed: 9819640572537746348

9 Esekla the Sneak (level 2, -3/21 HPs)
             Began as an Octopode Delver on Feb 24, 2023.
             Slain by a scorpion (6 damage)
             ... on level 5 of the Dungeon.
             The game lasted 00:01:13 (60 turns).

Esekla the Sneak (Octopode Delver)                    Turns: 60, Time: 00:01:14

Health: -3/21      AC:  1    Str: 11    XL:     2   Next: 12%
Magic:  2/2        EV: 13    Int: 12    God:
Gold:   18         SH:  0    Dex: 13    Spells: 1/1 levels left

rFire   . . .      SeeInvis .    a - +0 falchion
rCold   . . .      Faith    .    (no shield)
rNeg    . . .      Spirit   .    (helmet restricted)
rPois   .          Reflect  .    (no amulet)
rElec   .          Harm     .    (no ring)
rCorr   .          Rampage  .    (no ring)
Will    .....                    (no ring)
Stlth   ++++                     (no ring)
HPRegen 0.23/turn                (no ring)
MPRegen 0.08/turn                (no ring)
                                 (no ring)
                                 (no ring)

@: marked, hasted, very quick
A: almost no armour, amphibious, 8 rings, camouflage 1, gelatinous body 1,
(nimble swimmer 1), tentacles
a: no special abilities


You were on level 5 of the Dungeon.
You visited 1 branch of the dungeon, and saw 1 of its levels.

You collected 18 gold pieces.

Inventory:

Hand Weapons
 a - a +0 falchion (weapon)
 h - a +0 dagger
Wands
 f - a wand of digging (3)
Scrolls
 b - a scroll of fog
 g - a scroll of identify {unknown}
 i - a scroll of teleportation {unknown}
Potions
 e - a potion of haste


   Skills:
 + Level 3.1 Fighting
 + Level 2.0 Long Blades
 + Level 2.0 Dodging
 + Level 7.0 Stealth


You had one spell level left.
You didn't know any spells.
Your spell library was empty.

Dungeon Overview and Level Annotations

Branches:
Dungeon (5/15)             Temple (0/1) D:5

Altars:


Innate Abilities, Weirdness & Mutations

You cannot wear most types of armour.
You are amphibious.
You can wear up to eight rings at the same time.
Your skin changes colour to match your surroundings (Stealth+).
Your rubbery body absorbs attacks. (AC +1, EV +1)
((You are camouflaged when in or above water. (Stealth+)))
You have tentacles for arms and can constrict up to eight enemies at once.


Message History

A sourceless malevolence fills the Dungeon...
With a horrendous wail, an alarm goes off!
A sentinel's mark forms upon you.
The white imp shouts!
You hear a shout! x4; You hear an angry hiss.
You hear a bark!
You hear a shout! x4; You hear a bark!
You hear an angry hiss.
You hear a bark!
You hear the slow rusting of a drain nearby.
A hound comes into view. x2 2 gnolls come into view.
The white imp gestures at you. The puff of frost hits you!
You hit the adder. You grab the adder.
The adder is heavily wounded.
You constrict the adder. The hound bites you. The adder bites you.
* * * LOW HITPOINT WARNING * * *
The hound closely misses you.
A hound comes into view.
The hound bites you.
* * * LOW HITPOINT WARNING * * *
An ogre comes into view. It is wielding a +0 giant spiked club.
As you read the scroll of fear, it crumbles to dust.
You assume a fearsome visage.
The hound looks frightened!
The adder looks frightened!
The ogre looks frightened!
The hound looks frightened!
The gnoll looks frightened! x2
The hound looks frightened!
The ogre looks frightened!
You constrict the adder.
The adder struggles to escape constriction.
A hound comes into view.
You hit the adder.
You kill the adder!
The ogre starts to cry.
A scorpion comes into view.
Your Stealth skill increases to level 7!
You have reached level 2!
You feel yourself speed up.
An ufetubus comes into view.
Cornered, the hound turns to fight!
A gnoll comes into view. It is wielding a +0 flail.
A gnoll comes into view. It is wielding a +0 halberd.
The scorpion stings you.
You die...

,*,,,*,,,*,,,,,,,..S......>.....#
***,*****#..,..?.................
,*,,,*,,,#..,.........*#.........
,*,⌠,,,>,#...........,*#.........
,*,,,*,,,#...*.......**#.........
*******###...#,.....## ##........
,*,,,,,..g....,,*#...## ##.......
,,,,,*,#.....5#####...#####......
,,,,,*****#...5W@................
,,,,,** ##gh##s..###....#......
,***,,**** #..#....##..#.##......
,**,,***,**##.#g.h.....####......
,,,,,,,,,,,#.^..#.##..##,........
,,,,,,,,,,.....<####.............
,,,,,,,,,,.....#* #.###.........
,,,,,,,,,,..h..,***#.,*##........
,,,,,,,,,,.....,,**,,**,........)


You could see a phantom, a scorpion, 3 hounds, 3 gnolls, a white imp and an
ufetubus.

Vanquished Creatures
  An adder (D:5)
1 creature vanquished.

Notes
Turn   | Place    | Note
-------+----------+-------------------------------------------
     0 | D:5      | Esekla the Octopode Delver began the quest for the Orb.
     0 | D:5      | Reached XP level 1. HP: 16/16 MP: 1/1
    17 | D:5      | Noticed an ogre
    26 | D:5      | Noticed a phantom
    52 | D:5      | Noticed a hound
    52 | D:5      | Noticed a hound
    56 | D:5      | Noticed a hound
    56 | D:5      | Noticed an ogre
    57 | D:5      | Noticed a hound
    58 | D:5      | Noticed a scorpion
    59 | D:5      | Reached skill level 7 in Stealth
    59 | D:5      | Reached XP level 2. HP: 2/21 MP: 2/2
    60 | D:5      | Slain by a scorpion

Illustrated notes

Levels and vault maps discovered:
D:5:      layout_cave_pools, minmay_temple_entry_nine_rooms,
          gup_sewer_entry_glass

Skill      XL: |  1 |
---------------+----+-----
Stealth        | 7 |  7.0
Fighting       | |  3.1
Long Blades    | |  2.0
Dodging        | |  2.0

Action                     || total
---------------------------++-------
  Melee: Falchion          ||     2
         Constrict         ||     1
    Use: Scroll            ||     2
         Potion            ||     1
  Dodge: Dodged            ||     1

Table legend: (Time is in decaauts)
 A = Elapsed time spent in this place.
 B = Non-inter-level travel time spent in this place.
 C = Inter-level travel time spent in this place.
 D = Time resting spent in this place.
 E = Time spent auto-exploring this place.
 F = Levels seen in this place.
 G = Mean time per level.
                   A        B        C        D        E       F      G
               +--------+--------+--------+--------+--------+-----+--------+
         Total |     60 |     60 |      0 |      0 |      0 |   1 |   60.0 |
       Dungeon |     60 |     60 |      0 |      0 |      0 |   1 |   60.0 |
               +--------+--------+--------+--------+--------+-----+--------+

Top non-repeatable levels by time:
     D:5: 60 daAuts
